 Dungeon Crawl Stone Soup version 0.26-a0-996-g6b303dbc09 (webtiles) character file.

Game seed: 3761937885064529053

460 Floopie the Chopper (level 6, -13/56 HPs)
             Began as a Deep Dwarf Delver on Dec 6, 2020.
             Was an Initiate of Ru.
             Killed from afar by Erica (24 damage)
             ... with a lance of force
             ... on level 8 of the Dungeon.
             The game lasted 00:28:17 (538 turns).

Floopie the Chopper (Deep Dwarf Delver)              Turns: 538, Time: 00:28:17

Health: -13/56     AC:  9    Str: 18    XL:     6   Next: 78%
Magic:  5/5        EV: 11    Int: 13    God:    Ru [......]
Gold:   49         SH:  0    Dex:  9    Spells: 5/5 levels left

rFire    + . .     SeeInvis .   i - +0 war axe
rCold    . . .     Faith    .   (no shield)
rNeg     . . .     Spirit   .   h - +2 ring mail {rF+}
rPois    .         Reflect  .   p - +0 helmet "Jomoeruo" {Int+3 Dex-5 Stlth+}
rElec    .         Harm     .   j - +0 cloak
rCorr    .         Rampage  .   (no gloves)
MR       .....                  (no boots)
Stlth    +++.......             (no amulet)
HPRegen  0.00/turn              (no ring)
MPRegen  0.09/turn              (no ring)

@: mighty, non-regenerating, slowed, very slow
A: damage resistance, heal wounds, sense surroundings 1, no regeneration
a: Heal Wounds, Renounce Religion


You were on level 8 of the Dungeon.
You worshipped Ru.
Ru was noncommittal.
You visited 2 branches of the dungeon, and saw 6 of its levels.

You collected 49 gold pieces.

Inventory:

Hand Weapons
 i - a +0 war axe (weapon)
Armour
 b - a +0 leather armour
 h - a +2 ring mail of fire resistance (worn)
 j - a +0 cloak (worn)
 p - the +0 helmet "Jomoeruo" (worn) {Int+3 Dex-5 Stlth+}
   (You found it on level 6 of the Dungeon)

   It affects your intelligence (+3).
   It affects your dexterity (-5).
   It makes you more stealthy.
Wands
 g - a wand of digging (2)
Scrolls
 a - a scroll of remove curse {unknown}
 c - a scroll of fog
 d - 2 scrolls of magic mapping
 e - a scroll of fear
 k - a scroll of noise {unknown}
 m - a scroll of identify {unknown}
 o - a scroll of torment {unknown}


   Skills:
 + Level 3.0 Fighting
 + Level 7.9 Axes
 - Level 2.2 Dodging
 - Level 6.1 Stealth


You had 5 spell levels left.
You didn't know any spells.
Your spell library was empty.

Dungeon Overview and Level Annotations

Branches:
Dungeon (8/15)             Temple (1/1) D:4
   Lair: D:8-11

Altars:
Ashenzari
Nemelex Xobeh
Ru

Annotations:
D:6 Maggie
D:8 Erica


Innate Abilities, Weirdness & Mutations

You are resistant to damage.
You can heal yourself by infusing magical energy.
You passively map a small area around you.
You do not regenerate.


Message History

Erica is severely wounded.
Erica gestures wildly while chanting.
Erica flickers and vanishes!
Deactivating autopickup; reactivate with Ctrl-A.
You closely miss something. Something hits you! Something burns you.
Something hits you but does no damage.
You closely miss something. Something hits you but does no damage.
You hit something. Something hits you. Something burns you.
You hear some strange, mumbled words.
A lance of force appears from out of thin air!
The lance of force hits you!!
* * * LOW HITPOINT WARNING * * *
You are knocked back by the lance of force.
You slam into the rock wall!
* * * LOW HITPOINT WARNING * * *
You swing at nothing.
You hear some strange, mumbled words.
A lance of force appears from out of thin air!
The lance of force hits you!!
You die...

* * ###..!....... , ,
,,..#......... , , * **
#.# ....... , #.# >.....
, , , #.#*, ... + * #.#
**#)# * ### #.#
#.#######. ##* #<# #.#
#.{....... *
..###.###.#####.@.......
#.#.....................
,
#'#.......######........
*
..........##########....
...............# ....
...............# ... ,
...............# ##
.##.......###### .
#.......# * ,


There were no monsters in sight!

Vanquished Creatures
  A water moccasin (D:6)
  An ice beast (D:6)
  A bullfrog (D:6)
  A scorpion (D:6)
  A jelly (D:6)
  An orc wizard (D:6)
  An iguana (D:6)
  A worker ant (D:8)
  2 adders (D:5)
  A shadow imp (D:6)
  A leopard gecko (D:6)
  6 orcs
  A giant cockroach (D:6)
19 creatures vanquished.

Notes
Turn   | Place    | Note
-------+----------+-------------------------------------------
     0 | D:5      | Floopie the Deep Dwarf Delver began the quest for the Orb.
     0 | D:5      | Reached XP level 1. HP: 20/20 MP: 1/1
    22 | D:6      | Noticed an orc wizard
    44 | D:6      | Killed an orc wizard
    45 | D:6      | Reached skill level 3 in Axes
    45 | D:6      | Reached XP level 2. HP: 20/27 MP: 2/2
    45 | D:6      | Reached XP level 3. HP: 24/33 MP: 3/3
    72 | D:6      | Reached skill level 4 in Axes
   115 | D:6      | Noticed a water moccasin
   124 | D:6      | Killed a water moccasin
   125 | D:6      | Reached skill level 5 in Axes
   125 | D:6      | Reached XP level 4. HP: 23/40 MP: 3/3
   125 | D:6      | Reached XP level 5. HP: 27/46 MP: 4/4
   138 | D:5      | Reached skill level 6 in Axes
   193 | D:6      | Noticed an ice beast
   208 | D:6      | Killed an ice beast
   209 | D:6      | Reached skill level 7 in Axes
   209 | D:6      | Reached XP level 6. HP: 29/55 MP: 5/5
   219 | D:6      | Found a broken altar of Ashenzari.
   259 | D:6      | Reached skill level 3 in Fighting
   259 | D:6      | Noticed Maggie
   330 | D:4      | Found a staircase to the Ecumenical Temple.
   339 | Temple   | Entered the Ecumenical Temple
   371 | Temple   | Became a worshipper of Ru the Awakened
   455 | D:6      | Got a heavily runed helmet
   460 | D:6      | Identified the +0 helmet "Jomoeruo" {Int+3 Dex-5 Stlth+}
                  | (You found it on level 6 of the Dungeon)
   525 | D:8      | Noticed Erica
   538 | D:8      | Killed from afar by Erica

Illustrated notes

Levels and vault maps discovered:
D:4:      layout_loops_ring, minmay_temple_entry_junction,
          minmay_misc_feat_ornament
D:5:      layout_gridville, okawaru_metal_pillars_1_2,
          grunt_dithmenos_smoke_and_mirrors
D:6:      layout_loops_ring, marbit_many_paths, evilmike_ruin_ashenzari,
          serial_shops, shop, uniq_maggie
D:7:      layout_basic, grunt_temple_overflow_champion_of_chaos,
          hex_intersection, nrook_mini_vaults
D:8:      layout_basic, chequers_serial_rivers_small_b, kennysheep_minor_cross,
          nicolae_gozag_zags_fifth_avenue, uniq_psyche, uniq_erica
Temple:   minmay_temple_curvy_branch

Skill      XL: |  1  2  3  4  5  6 |
---------------+-------------------+-----
Axes           | 3 5 7 |  7.9
Fighting       | 3 |  3.0
Dodging        | |  2.2
Stealth        | |  6.1

Action                   |  1- 3 |  4- 6 || total
-------------------------+-------+-------++-------
Melee: Hand axe          |    28 |       ||    28
       War axe           |    17 |    53 ||    70
 Abil: Heal Wounds       |     1 |     5 ||     6
Evoke: Wand              |       |     1 ||     1
  Use: Potion            |       |     3 ||     3
       Scroll            |       |     1 ||     1
 Stab: Sleeping          |     1 |     3 ||     4
Armor: Ring mail         |    16 |    17 ||    33
Dodge: Dodged            |    18 |    26 ||    44

Table legend: (Time is in decaauts)
 A = Elapsed time spent in this place.
 B = Non-inter-level travel time spent in this place.
 C = Inter-level travel time spent in this place.
 D = Time resting spent in this place.
 E = Time spent auto-exploring this place.
 F = Levels seen in this place.
 G = Mean time per level.
                   A        B        C        D        E       F      G
               +--------+--------+--------+--------+--------+-----+--------+
         Total |    564 |    514 |     50 |      0 |      0 |   6 |   94.0 |
       Dungeon |    506 |    480 |     26 |      0 |      0 |   5 |  101.2 |
        Temple |     57 |     33 |     24 |      0 |      0 |   1 |   57.0 |
               +--------+--------+--------+--------+--------+-----+--------+

Top non-repeatable levels by time:
     D:6: 301 daAuts
     D:5: 74 daAuts
     D:8: 63 daAuts
  Temple: 57 daAuts
     D:4: 54 daAuts
     D:7: 12 daAuts
